 Dungeon Crawl Stone Soup version 0.26-a0-652-gafc20e3620 (webtiles) character file.

Game seed: 11766306409787222163

38 ringo67 the Sneak (level 3, 18/18 HPs)
             Began as a Spriggan Brigand on Oct 3, 2020.
             Quit the game on level 1 of the Dungeon.
             The game lasted 00:02:25 (873 turns).

ringo67 the Sneak (Spriggan Brigand)                 Turns: 873, Time: 00:02:25

Health: 18/18      AC:  3    Str:  7    XL:     3   Next: 25%
Magic:  4/4        EV: 18    Int: 12    God:
Gold:   28         SH:  0    Dex: 18    Spells: 2/2 levels left

rFire    . . .     SeeInvis +   f - +0 short sword
rCold    . . .     Faith    .   (shield restricted)
rNeg     . . .     Spirit   .   b - +0 robe
rPois    .         Reflect  .   (helmet restricted)
rElec    .         Harm     .   c - +0 cloak
rCorr    .         Rampage  .   (gloves unavailable)
MR       .....                  (boots unavailable)
Stlth    ++++......             (no amulet)
HPRegen  0.06/turn              (no ring)
MPRegen  0.09/turn              (no ring)

@: very quick
A: very small, unfitting armour, see invisible, speed 3
a: no special abilities


You were on level 1 of the Dungeon.
You visited 1 branch of the dungeon, and saw 1 of its levels.

You collected 28 gold pieces.

Inventory:

Hand Weapons
 a - a +2 dagger
 f - a +0 short sword (weapon)
Missiles
 d - 8 poisoned darts (quivered)
 e - 2 curare-tipped darts
Armour
 b - a +0 robe (worn)
 c - a +0 cloak (worn)
 i - a +0 leather armour
Scrolls
 h - a scroll of fog {unknown}
 j - a scroll of identify {unknown}
Potions
 g - a potion of heal wounds {unknown}


   Skills:
 + Level 2.0 Fighting
 + Level 2.8 Short Blades
 - Level 2.0 Throwing
 + Level 2.6 Dodging
 + Level 6.4 Stealth


You had 2 spell levels left.
You didn't know any spells.
Your spell library was empty.

Dungeon Overview and Level Annotations

Branches:
Dungeon (1/15)

Altars:


Innate Abilities, Weirdness & Mutations

You are very small and have problems with some larger weapons.
You are too small for most types of armour.
You have supernaturally acute eyesight. (SInv)
You cover ground extremely quickly.


Message History

The ooze hits you but does no damage.
You hit the ooze.
The ooze is severely wounded.
The ooze hits you.
You are too injured to fight recklessly!
You are too injured to fight recklessly!
You are too injured to fight recklessly!
You are too injured to fight recklessly!
You are too injured to fight recklessly!
You hit the ooze.
You kill the ooze!
You see here a runed whip.
A kobold comes into view. It is wielding a +0 club.
A kobold is nearby!
The helpless kobold fails to defend itself.
You impale the kobold!!
You kill the kobold!
No target in view!
No target in view!
Are you sure you want to abandon this character and quit the game? (Confirm with "yes".)

#.#...#.......# #####.###
#.#.###.......# #.....#..
#.#..)'..)....# # .#......
#.#.#.#.......##### ..#.....#
##.#.#.########....######.#......
.....#.# #...........##+##'#
.#.###.# #..................
.#.#...###### #)..$.........>....
.#..........# #.@........##..)...
.#..........# ###........#+......
.#.>........# #........##......
.#..........## #####.....#......
##...........# #####.#######
##...........# #........
##...........# #########
##...........# #########.†..#


There were no monsters in sight!

Vanquished Creatures
  2 oozes (D:1)
  A dart slug (D:1)
  2 leopard geckos (D:1)
  5 giant cockroaches (D:1)
  4 hobgoblins (D:1)
  A ball python (D:1)
  2 bats (D:1)
  2 goblins (D:1)
  4 kobolds (D:1)
23 creatures vanquished.

Notes
Turn   | Place    | Note
-------+----------+-------------------------------------------
     0 | D:1      | ringo67 the Spriggan Brigand began the quest for the Orb.
     0 | D:1      | Reached XP level 1. HP: 10/10 MP: 2/2
    46 | D:1      | Reached skill level 6 in Stealth
   125 | D:1      | Reached XP level 2. HP: 15/15 MP: 3/3
   621 | D:1      | Reached XP level 3. HP: 17/18 MP: 4/4
   873 | D:1      | Quit the game

Illustrated notes

Levels and vault maps discovered:
D:1:      minmay_arrival_doors, layout_basic

Skill      XL: |  1  2 |
---------------+-------+-----
Stealth        | 6 |  6.4
Dodging        | 2 |  2.6
Fighting       | 2 |  2.0
Short Blades   | |  2.8
Throwing       | |  2.0

Action                   || total
-------------------------++-------
Melee: Dagger            ||    16
       Short sword       ||    51
Throw: Dart              ||     6
 Stab: Sleeping          ||    10
Armor: Robe              ||     2
Dodge: Dodged            ||    44

Table legend: (Time is in decaauts)
 A = Elapsed time spent in this place.
 B = Non-inter-level travel time spent in this place.
 C = Inter-level travel time spent in this place.
 D = Time resting spent in this place.
 E = Time spent auto-exploring this place.
 F = Levels seen in this place.
 G = Mean time per level.
                   A        B        C        D        E       F      G
               +--------+--------+--------+--------+--------+-----+--------+
         Total |    674 |    674 |      0 |     74 |    379 |   1 |  674.0 |
       Dungeon |    674 |    674 |      0 |     74 |    379 |   1 |  674.0 |
               +--------+--------+--------+--------+--------+-----+--------+

Top non-repeatable levels by time:
     D:1: 674 daAuts
